 Dungeon Crawl Stone Soup version 0.30.0-29-ga12c61a403 (webtiles) character file.

Game seed: 239227478561415762

243 comborobin the Covert (level 6, 0/53 HPs)
             Began as a Gnoll Delver on June 6, 2023.
             Slain by a black bear (10 damage)
             ... on level 6 of the Dungeon.
             The game lasted 00:01:29 (548 turns).

comborobin the Covert (Gnoll Delver)                 Turns: 548, Time: 00:01:29

Health: 0/53       AC:  3    Str: 14    XL:     6   Next: 9%
Magic:  3/8        EV: 13    Int:  9    God:
Gold:   36         SH:  0    Dex: 13    Spells: 4/8 levels left

rFire   + . .        h - +0 flail
rCold   + . .        (no shield)
rNeg    . . .        b - +0 leather armour
rPois   +            (no helmet)
rElec   +            (no cloak)
rCorr   +            (no gloves)
SInv    .            (no boots)
Will    .....        (no amulet)
Stlth   ++++         (no ring)
HPRegen 0.28/turn    (no ring)
MPRegen 0.11/turn

%: no passive effects
@: resistant, very slightly contaminated
A: fangs 1, strong nose, distributed training
a: no special abilities


You were on level 6 of the Dungeon.
You visited 1 branch of the dungeon, and saw 3 of its levels.

You collected 36 gold pieces.

Inventory:

Hand Weapons
 a - a +0 mace
 h - a +0 flail (weapon)
Armour
 b - a +0 leather armour (worn)
 l - a +2 hat
Wands
 g - a wand of digging (3)
Scrolls
 c - a scroll of fog
 d - a scroll of teleportation {unknown}
 e - a scroll of fear
 i - a scroll of torment {unknown}
 j - 3 scrolls of identify {unknown}


   Skills:
 + Level 6.8 Fighting
 + Level 1.9 Short Blades
 + Level 1.9 Long Blades
 + Level 1.9 Axes
 + Level 4.9 Maces & Flails
 + Level 1.9 Polearms
 + Level 1.9 Staves
 + Level 1.9 Ranged Weapons
 + Level 1.9 Throwing
 + Level 1.9 Armour
 + Level 4.9 Dodging
 + Level 9.7 Stealth
 + Level 1.9 Shields
 + Level 1.9 Unarmed Combat
 + Level 1.9 Spellcasting
 + Level 1.5 Conjurations
 + Level 1.5 Hexes
 + Level 1.5 Summonings
 + Level 1.5 Necromancy
 + Level 1.5 Translocations
 + Level 1.5 Transmutations
 + Level 1.5 Fire Magic
 + Level 1.5 Ice Magic
 + Level 1.5 Air Magic
 + Level 1.5 Earth Magic
 + Level 1.5 Poison Magic
 + Level 2.1 Invocations
 + Level 1.9 Evocations


You had 4 spell levels left.
You knew the following spells:

 Your Spells              Type           Power      Damage    Failure   Level
a - Sandblast             Erth           6%         2d5       22%         1
b - Stone Arrow           Conj/Erth      6%         3d7       56%         3

Your spell library contained the following spells:

 Spells                   Type           Power      Damage    Failure   Level
 Passwall                 Tmut/Erth      2%         N/A       34%         2


Dungeon Overview and Level Annotations

Branches:
Dungeon (6/15)
 Temple: D:4-7

Altars:

Annotations:
D:6 3 runed translucent doors, crux's ghost, novice OpTm


Innate Abilities, Weirdness & Mutations

You have very sharp teeth.
Your uncanny sense of smell can sniff out nearby items.
Your experience applies equally to all skills.


Message History

You hit the black bear.
The black bear is severely wounded.
The black bear misses you.
The black bear claws you but does no damage.
The black bear barely misses you.
You barely miss the black bear.
The black bear is severely wounded.
The black bear bites you. The black bear misses you.
The black bear claws you but does no damage.
You closely miss the black bear.
You bite the black bear, but do no damage.
The black bear is severely wounded.
The black bear bites you. The black bear misses you.
The black bear barely misses you.
You barely miss the black bear.
The black bear is severely wounded.
The black bear goes berserk!
You barely miss the black bear.
The black bear is severely wounded.
The black bear bites you.
The black bear claws you but does no damage. x2
The black bear barely misses you. The black bear claws you.
The black bear barely misses you.
You closely miss the black bear.
The black bear is severely wounded.
The black bear bites you.
The black bear claws you but does no damage.
The black bear claws you. The black bear bites you. The black bear claws you.
* * * LOW HITPOINT WARNING * * *
The black bear closely misses you.
You hit the black bear.
The black bear is severely wounded.
The black bear closely misses you. The black bear barely misses you.
The black bear claws you.
* * * LOW HITPOINT WARNING * * *
Unknown command.
You barely miss the black bear.
The black bear is severely wounded.
The black bear bites you!
You die...

##..............####~≈≈~~##..#
#...............# #~~≈≈~...###
##...............##
##~≈≈~.....#
##.................#
#~≈≈~~.....
...................#
#~~≈≈~#####
.8.................# ##~≈≈~# #
...8...............# #~≈≈~**
...................# #~≈≈~~*
._..8..........h@..# *#~~≈~~*
.......###.........# *..~~~~*
...8.............###***,,~~~~*
*
.8.............)...,,,,,,~~~~*
#
................?##*,,,,,~~~~*
#
#.#####...........******~~~~~*
# ..* *##.........,,****~~~~~*
.,* *##.......,,,,,*~~~~,** *
,** ***,,,,,,,,,,~~~~~,,***


You could see a black bear (berserk).

Vanquished Creatures
  An ice beast (D:5)
  A bullfrog (D:5)
  A hound (D:5)
  An orc priest (D:5)
  2 adders (D:6)
  6 orcs (D:5)
12 creatures vanquished.

Notes
Turn   | Place    | Note
-------+----------+-------------------------------------------
     0 | D:5      | Reached skill level 9 in Stealth
     0 | D:5      | comborobin the Gnoll Delver began the quest for the Orb.
     0 | D:5      | Reached XP level 1. HP: 23/23 MP: 1/1
     1 | D:6      | Noticed an orc priest
     1 | D:6      | Noticed an orc wizard
     3 | D:6      | Noticed an ice beast
     5 | D:5      | Killed an orc priest
     6 | D:5      | Reached XP level 2. HP: 10/29 MP: 1/3
     6 | D:5      | Reached XP level 3. HP: 12/35 MP: 1/4
   103 | D:5      | Noticed a bullfrog
   113 | D:5      | Killed a bullfrog
   114 | D:5      | Reached skill level 1 in Short Blades
   114 | D:5      | Reached skill level 1 in Long Blades
   114 | D:5      | Reached skill level 1 in Axes
   114 | D:5      | Reached skill level 1 in Polearms
   114 | D:5      | Reached skill level 1 in Staves
   114 | D:5      | Reached skill level 1 in Ranged Weapons
   114 | D:5      | Reached skill level 1 in Throwing
   114 | D:5      | Reached skill level 1 in Armour
   114 | D:5      | Reached skill level 1 in Shields
   114 | D:5      | Reached skill level 1 in Unarmed Combat
   114 | D:5      | Reached skill level 1 in Spellcasting
   114 | D:5      | Reached skill level 1 in Conjurations
   114 | D:5      | Reached skill level 1 in Hexes
   114 | D:5      | Reached skill level 1 in Summonings
   114 | D:5      | Reached skill level 1 in Necromancy
   114 | D:5      | Reached skill level 1 in Translocations
   114 | D:5      | Reached skill level 1 in Transmutations
   114 | D:5      | Reached skill level 1 in Fire Magic
   114 | D:5      | Reached skill level 1 in Ice Magic
   114 | D:5      | Reached skill level 1 in Air Magic
   114 | D:5      | Reached skill level 1 in Earth Magic
   114 | D:5      | Reached skill level 1 in Poison Magic
   114 | D:5      | Reached skill level 1 in Invocations
   114 | D:5      | Reached skill level 1 in Evocations
   114 | D:5      | Reached XP level 4. HP: 31/41 MP: 5/5
   133 | D:5      | Noticed an ice beast
   146 | D:5      | Killed an ice beast
   147 | D:5      | Reached XP level 5. HP: 31/47 MP: 5/7
   304 | D:5      | Reached XP level 6. HP: 45/53 MP: 8/8
   380 | D:5      | Learned a level 1 spell: Sandblast
   411 | D:6      | Noticed crux's ghost (novice OpTm)
   411 | D:6      | Found a runed translucent gate.
   411 | D:6      | Found a runed translucent gate.
   411 | D:6      | Found a runed translucent gate.
   514 | D:6      | Found a faded altar of an unknown god.
   516 | D:6      | Noticed a black bear
   536 | D:6      | Learned a level 3 spell: Stone Arrow
   548 | D:6      | Slain by a black bear

Illustrated notes

Levels and vault maps discovered:
D:4:      layout_basic, kennysheep_mini
D:5:      layout_gridville, mainiacjoe_overflow_catwalk, kennysheep_slug_shrine,
          minmay_temple_entry_proselytizer, serial_shops, shop
D:6:      wander_river, layout_cave_pods, nicolae_ru_sacrificial_ziggurat,
          portal_sewer_entry_e, ebering_ghost_rock_garden, serial_column_ruins,
          column_ruins_temple_circle, column_ruins_square_huge,
          column_ruins_open_medium, column_ruins_open_small,
          column_ruins_grid_1, column_ruins_open_tiny, uniq_menkaure

Skill      XL: |  1  2  3  4  5 |
---------------+----------------+-----
Stealth        | |  9.7
Short Blades   | 1 |  1.9
Long Blades    | 1 |  1.9
Axes           | 1 |  1.9
Polearms       | 1 |  1.9
Staves         | 1 |  1.9
Ranged Weapons | 1 |  1.9
Throwing       | 1 |  1.9
Armour         | 1 |  1.9
Shields        | 1 |  1.9
Unarmed Combat | 1 |  1.9
Spellcasting   | 1 |  1.9
Conjurations   | 1 |  1.5
Hexes          | 1 |  1.5
Summonings     | 1 |  1.5
Necromancy     | 1 |  1.5
Translocations | 1 |  1.5
Transmutations | 1 |  1.5
Fire Magic     | 1 |  1.5
Ice Magic      | 1 |  1.5
Air Magic      | 1 |  1.5
Earth Magic    | 1 |  1.5
Poison Magic   | 1 |  1.5
Invocations    | 1 2 |  2.1
Evocations     | 1 |  1.9
Fighting       | |  6.8
Maces & Flails | |  4.9
Dodging        | |  4.9

Action                     |  1- 3 |  4- 6 || total
---------------------------+-------+-------++-------
  Melee: Mace              |     2 |       ||     2
         Flail             |     7 |    60 ||    67
         Bite              |       |     7 ||     7
   Cast: Sandblast         |       |     4 ||     4
    Use: Potion            |     1 |     2 ||     3
         Scroll            |       |     1 ||     1
   Stab: Sleeping          |     1 |     1 ||     2
 Armour: Leather armour    |     1 |    19 ||    20
  Dodge: Dodged            |     4 |    60 ||    64
